 Dungeon Crawl Stone Soup version 0.22.1-2-g9c5b331 (webtiles) character file.

417 dvd the Chopper (level 6, -6/52 HPs)
             Began as a Minotaur Gladiator on Nov 18, 2018.
             Succumbed to a ghost moth's poison
             ... on level 1 of the Abyss.
             The game lasted 00:06:02 (3285 turns).

dvd the Chopper (Minotaur Gladiator)                Turns: 3285, Time: 00:06:02

Health: -6/52      AC: 12    Str: 16 (19) XL:     6   Next: 61%
Magic:  0/5        EV:  8    Int:  2 (5)  God:
Gold:   275        SH:  0    Dex:  9 (13) Spells: 3/5 levels left

rFire    + + +     SeeInvis .   v - +7 great mace "Firestarter" {inner flame, rF++}
rCold    + . .     Gourm    .   (shield currently unavailable)
rNeg     . . .     Faith    .   k - +0 chain mail
rPois    +         Spirit   .   c - +0 hat
rElec    +         Reflect  .   n - +2 cloak
rCorr    +         Harm     .   (no gloves)
MR       .....                  (no boots)
Stlth    ..........             (no amulet)
HPRegen  0.17/turn              (no ring)
MPRegen  0.09/turn              (no ring)

@: lethally poisoned (-6 -> -106), resistant, invisible
A: retaliatory headbutt, horns 2
a: no special abilities


You were on level 1 of the Abyss.
You were not hungry.

You visited 1 branch of the dungeon, and saw 4 of its levels.
You visited the Abyss 1 time.

You collected 275 gold pieces.

Inventory:

Hand Weapons
 a - a +0 war axe
 d - a +1 mace of venom
 t - a +0 short sword of venom
 v - the +7 great mace "Firestarter" (weapon) {inner flame, rF++}
   (You found it on level 3 of the Dungeon)

   It has been specially enchanted to burn those struck by it, causing extra
   injury to most foes and up to half again as much damage against particularly
   susceptible opponents.
   It greatly protects you from fire.
 w - a +1 whip of distortion
Missiles
 g - 2 throwing nets (quivered)
 r - 3 tomahawks
Armour
 b - a +0 leather armour
 c - a +0 hat (worn)
 k - a +0 chain mail (worn)
 n - a +2 cloak (worn)
Wands
 s - a wand of random effects (27)
 A - a wand of enslavement (14)
Scrolls
 h - 2 scrolls of remove curse {unknown}
 i - 4 scrolls of identify {unknown}
 l - a scroll of enchant weapon {unknown}
 p - 2 scrolls of enchant armour {unknown}
 q - a scroll of blinking {unknown}
 u - a scroll of teleportation {unknown}
 y - a scroll of magic mapping {unknown}
Potions
 e - a potion of might
 j - a potion of degeneration
 m - a potion of resistance
 x - a potion of brilliance {unknown}
 z - a potion of berserk rage {unknown}
Comestibles
 f - 6 rations


   Skills:
 + Level 3.8 Fighting
 + Level 6.9 Axes
 + Level 0.1(4.2) Maces & Flails
 + Level 2.2 Throwing
 + Level 2.8 Armour
 + Level 4.5 Dodging
 + Level 0.1 Stealth


You had 3 spell levels left.
You knew the following spells:

 Your Spells              Type           Power        Failure   Level  Hunger
a - Blink                 Tloc           N/A          100%        2    ###....

Your spell library contained the following spells:

 Spells                   Type           Power        Failure   Level  Hunger
 Magic Dart               Conj           #...         100%        1    ##.....
 Call Imp                 Summ           #.......     100%        2    ###....
 Slow                     Hex            #.......     100%        2    ###....
 Conjure Flame            Conj/Fire      #.......     100%        3    ####...
 Mephitic Cloud           Conj/Pois/Air  #.......     100%        3    ####...


Dungeon Overview and Level Annotations

Branches:
Dungeon (4/15)
 Temple: D:4-7

Altars:
Makhleb
Xom


Innate Abilities, Weirdness & Mutations

You reflexively headbutt those who attack you in melee.
You have a pair of horns on your head.


Message History

There was something very wrong with that liquid.
You feel weakened.
You feel dopey.
You feel clumsy.
You feel very sick. Something hits you but does no damage. Something hits you!
You feel dopey. Something stings you.
You are more poisoned.
Something poisons you!
It was a potion of resistance.
You feel protected.
* * * LOW HITPOINT WARNING * * *
You feel extremely sick.
You feel you are being watched by something.
Something hits you.
* * * LOW HITPOINT WARNING * * *
You feel clumsy. Something hits you but does no damage. Something stings you.
* * * LOW HITPOINT WARNING * * *
It was a potion of invisibility.
You fade into invisibility!
You die...

#. #.# .. #.# .
###..# #. .
##....##...
.##..........
.. #. #@..# .
#. # . ##.###
.#. . #..#.
#.#..##..#
#+##.
#....##.......
# #.#..
#..#...#....
#..
#.#..##...### .
.
...##....##..##
##. # .
.####.....(....
.. #...
#.......#......
#


There were no monsters in sight!

Vanquished Creatures
  The ghost of MalarOregon the Chiller, an amateur MfIE (D:3)
  2 hounds (D:3)
  Natasha (thrice) (D:3)
  A worker ant (D:3)
  6 gnolls
  4 adders (D:3)
  A worm (D:3)
  A dart slug (D:1)
  A leopard gecko (D:3)
  6 orcs (D:3)
  A giant cockroach (D:3)
  12 goblins
  10 hobgoblins
  8 jackals (D:1)
  9 kobolds
  A quokka (D:2)
  A ball python (D:3)
  7 bats
  4 frilled lizards
  5 rats
84 creatures vanquished.

Notes
Turn   | Place    | Note
-------+----------+-------------------------------------------
     0 | D:1      | dvd the Minotaur Gladiator began the quest for the Orb.
     0 | D:1      | Reached XP level 1. HP: 18/18 MP: 0/0
    29 | D:1      | Reached XP level 2. HP: 22/25 MP: 1/1
   205 | D:1      | Reached skill level 4 in Axes
   310 | D:1      | Reached XP level 3. HP: 24/30 MP: 2/2
   800 | D:2      | Reached XP level 4. HP: 19/37 MP: 3/3
  1601 | D:2      | Reached skill level 5 in Axes
  1950 | D:3      | Noticed Natasha
  1953 | D:3      | Killed Natasha
  1953 | D:3      | Reached skill level 1 in Armour
  1962 | D:3      | Noticed Natasha
  1970 | D:3      | Killed Natasha
  1970 | D:3      | Reached XP level 5. HP: 42/45 MP: 4/4
  2034 | D:3      | Found a shimmering altar of Xom.
  2148 | D:3      | Noticed Natasha
  2371 | D:3      | Killed Natasha
  2446 | D:3      | Reached skill level 6 in Axes
  2531 | D:3      | Noticed MalarOregon's ghost (amateur MfIE)
  2532 | D:3      | Found the +7 great mace "Firestarter" {inner flame, rF++}
  2539 | D:3      | Found a runed door.
  2551 | D:3      | Killed MalarOregon's ghost
  2551 | D:3      | Reached XP level 6. HP: 36/51 MP: 5/5
  2655 | D:3      | Found a burning altar of Makhleb.
  2879 | D:3      | Learned a level 2 spell: Blink
  3255 | D:4      | Cast into level 1 of the Abyss (a distortion unwield)
  3284 | Abyss:1  | HP: 1/52 [something (4)]
  3285 | Abyss:1  | Succumbed to a ghost moth's poison

Skill      XL: |  1  2  3  4  5 |
---------------+----------------+-----
Axes           | 4 5 6 |  6.9
Dodging        | 4 |  4.5
Fighting       | 3 |  3.8
Armour         | 1 2 |  2.8
Maces & Flails | |  0.1
Throwing       | |  2.2
Stealth        | |  0.1

Action                   |  1- 3 |  4- 6 || total
-------------------------+-------+-------++-------
Melee: War axe           |    55 |    90 ||   145
       Headbutt          |     6 |    12 ||    18
       Great mace        |       |    24 ||    24
Throw: Throwing net      |     3 |     1 ||     4
  Use: Potion            |       |     3 ||     3
  Eat: Chunk             |       |     8 ||     8
Armor: Leather armour    |    19 |       ||    19
       Chain mail        |       |    70 ||    70
Dodge: Dodged            |    52 |    68 ||   120
